 Dungeon Crawl Stone Soup version 0.30-a0-711-gf4ac18a38d (webtiles) character file.

Game seed: 873999035223287829

207 Darius099 the Shield-Bearer (level 5, -1/34 HPs)
             Began as a Gargoyle Fighter on Jan 23, 2023.
             Slain by Duvessa
             ... wielding a +5 short sword of venom
              (12 damage)
             ... on level 4 of the Dungeon.
             The game lasted 00:04:22 (2228 turns).

Darius099 the Shield-Bearer (Gargoyle Fighter)      Turns: 2228, Time: 00:04:22

Health: -1/34      AC: 12    Str: 19    XL:     5   Next: 85%
Magic:  14/14      EV:  9    Int:  9    God:
Gold:   219        SH:  5    Dex: 11    Spells: 4/4 levels left

rFire   . . .      SeeInvis .    a - +0 flail
rCold   . . .      Faith    .    c - +0 buckler
rNeg    + . .      Spirit   .    b - +0 scale mail
rPois   ∞          Reflect  .    s - +0 helmet
rElec   +          Harm     .    (no cloak)
rCorr   +          Rampage  .    (no gloves)
Will    .....                    (no boots) Stlth
                                 f - amulet of regeneration
HPRegen 1.05/turn                h - ring of resist corrosion
MPRegen 0.14/turn                m - ring of magical power

@: mighty
A: sickness immunity, AC +4, negative energy resistance 1, electricity
resistance, torment resistance 1, petrification resistance
a: no special abilities


You were on level 4 of the Dungeon.
You visited 1 branch of the dungeon, and saw 4 of its levels.

You collected 219 gold pieces.

Inventory:

Hand Weapons
 a - a +0 flail (weapon)
Armour
 b - a +0 scale mail (worn)
 c - a +0 buckler (worn)
 s - a +0 helmet (worn)
Jewellery
 f - an amulet of regeneration (around neck)
 h - a ring of resist corrosion (left hand)
 m - a ring of magical power (right hand)
 q - a ring of magical power
Scrolls
 e - 8 scrolls of identify {unknown}
 g - a scroll of poison {unknown}
 i - 3 scrolls of teleportation {unknown}
 l - a scroll of enchant armour {unknown}
 n - a scroll of acquirement {unknown}
 p - a scroll of fear {unknown}
Potions
 j - 4 potions of haste {unknown}
 k - a potion of lignification {unknown}
 o - a potion of magic {unknown}
 r - a potion of curing {unknown}


   Skills:
 + Level 4.4 Fighting
 + Level 3.3 Maces & Flails
 + Level 4.4 Armour
 + Level 4.5 Shields


You had 4 spell levels left.
You didn't know any spells.
Your spell library was empty.

Dungeon Overview and Level Annotations

Branches:
Dungeon (4/15)
 Temple: D:4-7

Altars:
Hepliaklqana

Annotations:
D:4 Duvessa


Innate Abilities, Weirdness & Mutations

You are immune to sickness and miasma.
Your stone body is resilient. (AC +4)
You are immune to poison.
You resist negative energy. (rN+)
You are resistant to electric shocks. (rElec)
You are resistant to unholy torment.
You are immune to petrification.


Message History

You kill Dowan!
You hear a distant scream of rage.
Things that are here:
a +0 dagger; a +0 robe
Found a stone staircase leading down.
A hobgoblin comes into view.
The hobgoblin shouts!
You hear a shout!
Duvessa, Sister of Dowan comes into view.
She is wielding a +5 short sword of venom.
Duvessa shouts!
Duvessa goes berserk!
Found 8 gold pieces.
An endoplasm comes into view.
The endoplasm quivers.
The hobgoblin closely misses you. Duvessa closely misses you.
You closely miss the hobgoblin. You block Duvessa's attack.
The hobgoblin hits you.
Duvessa hits you with a +5 short sword of venom!
The hobgoblin completely misses you. The hobgoblin attacks as you move away!
The hobgoblin barely misses you. The hobgoblin attacks as you move away!
The hobgoblin hits you but does no damage.
Duvessa closely misses you. Duvessa attacks as you move away!
You block Duvessa's attack. Duvessa hits you but does no damage.
Duvessa attacks as you move away! Duvessa misses you.
The hobgoblin attacks as you move away! You block the hobgoblin's attack.
Duvessa barely misses you. The hobgoblin attacks as you move away!
The hobgoblin hits you. Duvessa hits you but does no damage.
The hobgoblin attacks as you move away! The hobgoblin barely misses you.
Duvessa attacks as you move away!
Duvessa hits you with a +5 short sword of venom! x2
Ouch! That really hurt!
* * * LOW HITPOINT WARNING * * *
The hobgoblin attacks as you move away! The hobgoblin closely misses you.
Duvessa rages.
You block Duvessa's attack.
You feel very mighty all of a sudden.
Duvessa hits you with a +5 short sword of venom!
You die...

.###..# #### #....### ##..####
##.....######## ##......######
.......##.....####...)<)......#
.........####.....)..)........#
#####..### ##..........)...###
#..## ##..#...(....### ##..#
#..###.....## ##.##
##.@#######..# ##.#####.)eg##
##.... ##..##).##..## ####
##...)####..## ##..## ##.J##
.....# ##..## ### ........#
##..#######..# #.........#
##..##......# ...........#
##.........#


You could see Duvessa (berserk), an endoplasm and a hobgoblin.

Vanquished Creatures
  Dowan (D:4)
  A hound (D:2)
  An orc wizard (D:3)
  Robin (D:4)
  An adder (D:3)
  2 worms
  A dart slug (D:2)
  6 orcs
  6 endoplasms
  2 giant cockroaches (D:1)
  12 goblins
  8 hobgoblins
  4 quokkas
  6 ball pythons
  7 bats
  4 frilled lizards
  A kobold (D:3)
  5 rats
69 creatures vanquished.

Notes
Turn   | Place    | Note
-------+----------+-------------------------------------------
     0 | D:1      | Darius099 the Gargoyle Fighter began the quest for the Orb.
     0 | D:1      | Reached XP level 1. HP: 14/14 MP: 1/1
   190 | D:1      | Reached XP level 2. HP: 19/19 MP: 2/2
   748 | D:2      | Reached XP level 3. HP: 12/23 MP: 3/3
  1117 | D:2      | Reached XP level 4. HP: 29/29 MP: 4/4
  1225 | D:2      | Found a hazy altar of Hepliaklqana.
  1434 | D:3      | Found a faded altar of an unknown god.
  2015 | D:3      | Reached XP level 5. HP: 33/33 MP: 5/5
  2062 | D:4      | Noticed Robin
  2078 | D:4      | Killed Robin
  2159 | D:4      | Noticed Dowan
  2190 | D:4      | Killed Dowan
  2211 | D:4      | Noticed Duvessa
  2228 | D:4      | Slain by Duvessa

Illustrated notes

Levels and vault maps discovered:
D:1:      dpeg_arrival_another_circle, layout_basic, minmay_misc_feat_rugged
D:2:      layout_basic, basic_altar, roderic_filled_cross
D:3:      layout_rooms, nicolae_ecumenical_pavilion
D:4:      minmay_wonky_spiral, layout_layer_cave, nicolae_elemental_shop,
          uniq_duvessa, uniq_robin

Skill      XL: |  1  2  3  4 |
---------------+-------------+-----
Shields        | 4 |  4.5
Fighting       | 4 |  4.4
Armour         | 4 |  4.4
Maces & Flails | 3 |  3.3

Action                     |  1- 3 |  4- 6 || total
---------------------------+-------+-------++-------
  Melee: Flail             |    72 |   156 ||   228
    Use: Potion            |       |     1 ||     1
 Armour: Scale mail        |    50 |   119 ||   169
  Dodge: Dodged            |    33 |   122 ||   155
  Block: Buckler           |    12 |    62 ||    74

Table legend: (Time is in decaauts)
 A = Elapsed time spent in this place.
 B = Non-inter-level travel time spent in this place.
 C = Inter-level travel time spent in this place.
 D = Time resting spent in this place.
 E = Time spent auto-exploring this place.
 F = Levels seen in this place.
 G = Mean time per level.
                   A        B        C        D        E       F      G
               +--------+--------+--------+--------+--------+-----+--------+
         Total |   2299 |   2276 |     23 |      4 |   1554 |   4 |  574.8 |
       Dungeon |   2299 |   2276 |     23 |      4 |   1554 |   4 |  574.8 |
               +--------+--------+--------+--------+--------+-----+--------+

Top non-repeatable levels by time:
     D:1: 758 daAuts
     D:2: 705 daAuts
     D:3: 611 daAuts
     D:4: 223 daAuts
